 Dungeon Crawl Stone Soup version 0.28-a0-906-g0406aca7d3 (webtiles) character file.

Game seed: 5431778525751381206

643 karkarkar the Skirmisher (level 7, -5/60 (63) HPs)
             Began as a Minotaur Monk on Nov 23, 2021.
             Slain by Duvessa (14 damage)
             ... on level 4 of the Dungeon on Nov 24, 2021.
             The game lasted 00:13:19 (4093 turns).

karkarkar the Skirmisher (Minotaur Monk)            Turns: 4093, Time: 00:13:19

HP:   -5/60 (63)    AC: 12    Str: 17    XL:     7   Next: 26%
MP:   15/15         EV:  6    Int:  7    God:
Gold: 144           SH:  8    Dex: 13    Spells: 6/6 levels left

rFire   . . .      SeeInvis .   i - +4 club
rCold   . . .      Faith    .   j - +0 kite shield
rNeg    . . .      Spirit   .   p - +4 chain mail
rPois   .          Reflect  .   (helmet restricted)
rElec   .          Harm     .   (no cloak)
rCorr   .          Rampage  .   (no gloves)
Will    .....                   (no boots)
Stlth   ..........              (no amulet)
HPRegen 0.20/turn               b - ring of magical power
MPRegen 0.14/turn               (no ring)

@: lightly drained
A: horns 2, retaliatory headbutt
a: no special abilities


You were on level 4 of the Dungeon.
You visited 1 branch of the dungeon, and saw 4 of its levels.

You collected 270 gold pieces.
You spent 126 gold pieces at shops.

Inventory:

Hand Weapons
 a - a +0 hand axe
 i - a +4 club (weapon)
Armour
 j - a +0 kite shield (worn)
 k - a +0 plate armour
 p - a +4 chain mail (worn)
Jewellery
 b - a ring of magical power (left hand)
Wands
 g - a wand of polymorph (6) (quivered)
Scrolls
 n - a scroll of enchant armour
 o - a scroll of teleportation
Potions
 c - a potion of invisibility {unknown}
 d - 2 potions of curing
 e - a potion of might {unknown}
 f - 2 potions of degeneration {unknown}
 h - a potion of heal wounds
 l - a potion of magic {unknown}
 m - a potion of lignification


   Skills:
 + Level 6.0 Fighting
 * Level 5.8(5.9) Axes
 - Level 1.1(3.8) Maces & Flails
 - Level 2.6 Armour
 - Level 4.6 Dodging
 + Level 2.1 Stealth
 + Level 3.5 Shields
 + Level 0.4 Evocations


You had 6 spell levels left.
You didn't know any spells.
Your spell library contained the following spells:

 Spells                   Type           Power      Damage    Failure   Level
 Corpse Rot               Necr/Air       0%         N/A       100%        2
 Poisonous Vapours        Pois/Air       0%         N/A       100%        2


Dungeon Overview and Level Annotations

Branches:
Dungeon (4/15)
 Temple: D:4-7

Altars:
Wu Jian

Shops:
D:2 ?   D:3 ?

Annotations:
D:4 Duvessa


Innate Abilities, Weirdness & Mutations

You have a pair of horns on your head.
You reflexively headbutt those who attack you in melee.


Message History

Dowan hits you but does no damage.
You feel drained. The dart slug launches a dart at you.
You block the slug dart.
You hit Dowan.
Dowan is almost dead.
Duvessa says, "Beauty is only skin deep, and my weapons penetrate much further than that."
You hit the dart slug. You headbutt the dart slug.
You kill the dart slug!
Duvessa hits you but does no damage. Dowan gestures at you while chanting.
You block the puff of frost. Duvessa hits you with a +0 rapier.
You hit Dowan.
You kill Dowan!
Duvessa weeps, then rights herself and shakes her weapon.
Duvessa goes berserk!
Duvessa hits you with a +0 rapier. x2
Your Shields skill increases to level 3!
Duvessa hits you but does no damage. You block Duvessa's attack.
Items here: ) [ ††.
You closely miss Duvessa. You block Duvessa's attack.
Duvessa hits you with a +0 rapier!
You hit Duvessa.
Duvessa is lightly wounded.
Duvessa hits you with a +0 rapier. x2
You thump Duvessa!
Duvessa is lightly wounded.
Duvessa hits you with a +0 rapier! Duvessa hits you but does no damage.
You hit Duvessa but do no damage.
Duvessa is lightly wounded.
Duvessa hits you with a +0 rapier!
* * * LOW HITPOINT WARNING * * *
You block Duvessa's attack.
Your shield and chain mail prevent you from hitting Duvessa.
Duvessa is lightly wounded.
Duvessa hits you with a +0 rapier.
* * * LOW HITPOINT WARNING * * *
You block Duvessa's attack.
You hit Duvessa.
Duvessa is lightly wounded.
Duvessa hits you with a +0 rapier!
You die...

.......#....# ........'....' .
##+#########.####..###..## h.
#..##.......##########..## #..
#.............#....#......
#...##.............#....#......
...................#....#......
...>..........e....#....#......
..............@....#....#......
..#.######....##..##..).###..##
#....##).##....###..##
#....(#).#............
#.....#..#............
+.....+..#......######
#.....#..#......# #
###..##..##.....# #
#..##..##.....## #


You could see Duvessa (berserk, fast).

Vanquished Creatures
  Sigmund (D:2)
  A wyvern (D:4)
  A scorpion (D:4)
  Dowan (D:4)
  Jessica (D:2)
  An orc wizard (D:3)
  Robin (D:3)
  6 adders
  An ufetubus (D:4)
  A dart slug (D:4)
  6 orcs
  6 bats
  5 endoplasms
  3 giant cockroaches
  16 goblins
  14 hobgoblins
  7 jackals
  2 kobolds
  3 quokkas
  5 ball pythons
  A frilled lizard (D:3)
  4 rats
87 creatures vanquished.

Notes
Turn   | Place    | Note
-------+----------+-------------------------------------------
     0 | D:1      | karkarkar the Minotaur Monk began the quest for the Orb.
     0 | D:1      | Reached XP level 1. HP: 19/19 MP: 0/0
    76 | D:1      | Reached XP level 2. HP: 25/27 MP: 1/1
   591 | D:1      | Found a faded altar of an unknown god.
   633 | D:1      | Reached skill level 4 in Fighting
   853 | D:2      | Reached XP level 3. HP: 33/34 MP: 2/2
  1083 | D:2      | Noticed Jessica
  1086 | D:2      | Killed Jessica
  1087 | D:2      | Reached XP level 4. HP: 38/41 MP: 3/3
  1221 | D:2      | Noticed Sigmund
  1459 | D:2      | Killed Sigmund
  1460 | D:2      | Reached skill level 5 in Fighting
  1460 | D:2      | Reached skill level 5 in Axes
  1460 | D:2      | Reached skill level 1 in Maces & Flails
  1460 | D:2      | Reached skill level 1 in Armour
  1460 | D:2      | Reached XP level 5. HP: 6/48 MP: 4/4
  1887 | D:3      | Reached XP level 6. HP: 56/56 MP: 5/5
  1910 | D:3      | Found Muimool's Magic Scroll Emporium.
  1989 | D:3      | Noticed Robin
  2558 | D:3      | Found an ornate altar of the Wu Jian Council.
  2702 | D:3      | Killed Robin
  3117 | D:3      | Bought a scroll of enchant armour for 90 gold pieces
  3117 | D:3      | Bought a scroll of teleportation for 36 gold pieces
  3188 | D:3      | Reached skill level 1 in Shields
  3667 | D:4      | Noticed a wyvern
  3685 | D:4      | Killed a wyvern
  3686 | D:4      | Reached skill level 6 in Fighting
  3686 | D:4      | Reached XP level 7. HP: 6/63 MP: 6/6
  4063 | D:4      | Noticed Dowan
  4080 | D:4      | Noticed Duvessa
  4086 | D:4      | Killed Dowan
  4093 | D:4      | Slain by Duvessa

Illustrated notes

Levels and vault maps discovered:
D:1:      eino_arrival_druids_welcome, layout_basic,
          ebering_ecumenical_altar_rust
D:2:      layout_rooms, minmay_misc_feat_cross, uniq_sigmund, uniq_jessica
D:3:      layout_basic, amcnicky_altar_gilded, serial_shops,
          nicolae_shop_statue_plus, uniq_robin
D:4:      layout_gridville, enter_ossuary_4, uniq_duvessa

Skill      XL: |  1  2  3  4  5  6  7 |
---------------+----------------------+-----
Axes           | 4 5 |  5.8
Fighting       | 4 5 6 |  6.0
Dodging        | 4 |  4.6
Maces & Flails | 1 |  1.1
Armour         | 1 2 |  2.6
Stealth        | 2 |  2.1
Shields        | 2 3 |  3.5
Evocations     | |  0.4

Action                   |  1- 3 |  4- 6 |  7- 9 || total
-------------------------+-------+-------+-------++-------
Melee: Hand axe          |    44 |     2 |       ||    46
       Headbutt          |     7 |    38 |     3 ||    48
       Club              |       |   142 |    18 ||   160
Evoke: Wand              |       |     1 |     1 ||     2
  Use: Scroll            |     1 |     5 |       ||     6
       Potion            |       |     1 |       ||     1
Armor: Robe              |     4 |       |       ||     4
       Leather armour    |     1 |     1 |       ||     2
       Scale mail        |       |    33 |       ||    33
       Plate armour      |       |    56 |       ||    56
       Chain mail        |       |    20 |     7 ||    27
Dodge: Dodged            |    37 |    64 |     2 ||   103
Block: Kite shield       |       |    70 |     8 ||    78

Table legend: (Time is in decaauts)
 A = Elapsed time spent in this place.
 B = Non-inter-level travel time spent in this place.
 C = Inter-level travel time spent in this place.
 D = Time resting spent in this place.
 E = Time spent auto-exploring this place.
 F = Levels seen in this place.
 G = Mean time per level.
                   A        B        C        D        E       F      G
               +--------+--------+--------+--------+--------+-----+--------+
         Total |   4164 |   3921 |    243 |   1006 |   1939 |   4 | 1041.0 |
       Dungeon |   4164 |   3921 |    243 |   1006 |   1939 |   4 | 1041.0 |
               +--------+--------+--------+--------+--------+-----+--------+

Top non-repeatable levels by time:
     D:2: 1251 daAuts
     D:3: 1148 daAuts
     D:1: 968 daAuts
     D:4: 795 daAuts
